[Event "EYCC Open-U14 2019"]
[Site "Bratislava"]
[Date "2019.08.06"]
[Round "5.45"]
[White "Krivenko, Dion"]
[Black "Martinez Soriano, Javier"]
[Result "1-0"]
[ECO "C00"]
[WhiteElo "1700"]
[BlackElo "1992"]
[Annotator "NA"]
[PlyCount "55"]
[EventDate "2019.08.02"]
[EventType "swiss"]
[EventCountry "SVK"]
[SourceTitle "playchess.com"]
[Source "ChessBase"]
[SourceQuality "1"]
[TimeControl "40/5400+30:1800+30"]

1. e4 e6 2. Qe2 c5 3. Nf3 Nc6 4. g3 g6 5. Bg2 Bg7 6. h4 h5 7. O-O Nge7 8. d3 O-O 9. c3 b5 10. Be3 d6 11. d4 cxd4 12. cxd4 d5 13. e5 a5 14. Rc1 Ba6 15. Bg5 Qb6 16. Bh3 Rfc8 17. Nbd2 a4 18. Qe3 Ra7 19. Bf6 Nb4 20. Rxc8+ Bxc8 21. Qg5 Nec6 22. g4 hxg4 23. Qxg4 Rc7 24. Bxg7 Kxg7 25. h5 Ne7 26. h6+ Kh8 27. Qh4 Ng8 28. h7 1-0

[Event "EYCC Open-U14 2019"]
[Site "Bratislava"]
[Date "2019.08.06"]
[Round "5.46"]
[White "Danaci, Ege"]
[Black "Sinitsyn, Anton"]
[Result "1-0"]
[ECO "C45"]
[WhiteElo "1976"]
[BlackElo "1847"]
[Annotator "NA"]
[PlyCount "63"]
[EventDate "2019.08.02"]
[EventType "swiss"]
[EventCountry "SVK"]
[SourceTitle "playchess.com"]
[Source "ChessBase"]
[SourceQuality "1"]
[TimeControl "40/5400+30:1800+30"]

1. e4 e5 2. Nf3 Nc6 3. d4 exd4 4. Nxd4 Bc5 5. Nb3 Bb4+ 6. c3 Be7 7. c4 Nf6 8. f3 O-O 9. Nc3 Re8 10. Be2 a5 11. Be3 b6 12. O-O Bb7 13. Nd4 Bc5 14. Nf5 Bxe3+ 15. Nxe3 d6 16. Ned5 Ne5 17. Qd4 h6 18. Bd1 Bc6 19. Bc2 Rc8 20. Rae1 Nxd5 21. cxd5 Bd7 22. f4 Ng6 23. e5 dxe5 24. fxe5 Qg5 25. Bxg6 Qxg6 26. Rf3 Qc2 27. Rg3 g6 28. Ne4 Red8 29. Nf6+ Kf8 30. Nxd7+ Rxd7 31. e6 Rdd8 32. Qf6 1-0

[Event "EYCC Open-U14 2019"]
[Site "Bratislava"]
[Date "2019.08.06"]
[Round "5.47"]
[White "Vaclavik, Jan"]
[Black "Stockmann, Till"]
[Result "0-1"]
[ECO "B41"]
[WhiteElo "1733"]
[BlackElo "1975"]
[Annotator "NA"]
[PlyCount "52"]
[EventDate "2019.08.02"]
[EventType "swiss"]
[EventCountry "SVK"]
[SourceTitle "playchess.com"]
[Source "ChessBase"]
[SourceQuality "1"]
[TimeControl "40/5400+30:1800+30"]

1. e4 c5 2. Nf3 e6 3. d4 cxd4 4. Nxd4 a6 5. c4 Nf6 6. Nc3 Bb4 7. f3 Qc7 8. Bd2 O-O 9. Nc2 Be7 10. Be2 Nc6 11. b3 Rb8 12. Rc1 Rd8 13. f4 d5 14. cxd5 exd5 15. e5 d4 16. Nxd4 Rxd4 17. exf6 Bxf6 18. Qc2 Nb4 19. Qb2 Qd8 20. a3 Nd3+ 21. Bxd3 Rxd3 22. Qa2 Qe7+ 23. Ne2 Bg4 24. Bb4 Qe6 25. h3 Bxe2 26. Qxe2 Re3 0-1

[Event "EYCC Open-U14 2019"]
[Site "Bratislava"]
[Date "2019.08.06"]
[Round "5.48"]
[White "Jares, Michal"]
[Black "Priseajniuc, Andrei"]
[Result "1-0"]
[ECO "D02"]
[WhiteElo "1974"]
[BlackElo "1789"]
[Annotator "NA"]
[PlyCount "59"]
[EventDate "2019.08.02"]
[EventType "swiss"]
[EventCountry "SVK"]
[SourceTitle "playchess.com"]
[Source "ChessBase"]
[SourceQuality "1"]
[TimeControl "40/5400+30:1800+30"]

1. d4 d5 2. Nf3 Nf6 3. g3 e6 4. Bg2 b5 5. O-O Bb7 6. Ne5 c5 7. a4 b4 8. c4 Nbd7 9. a5 a6 10. Bg5 Be7 11. cxd5 Nxd5 12. Bxe7 Qxe7 13. Nxd7 Qxd7 14. dxc5 Rc8 15. e4 Nf6 16. Qxd7+ Nxd7 17. Ra4 b3 18. Rc4 O-O 19. Rfc1 Rfd8 20. f4 Bc6 21. R4c3 Ba4 22. c6 Nf6 23. e5 Nd5 24. c7 Rd7 25. Bxd5 Rxd5 26. Rc5 Rd4 27. R5c4 Rxc4 28. Rxc4 Bb5 29. Rd4 Kf8 30. Rd8+ {[%emt 0:00:08] Rb8} 1-0

[Event "EYCC Open-U14 2019"]
[Site "Bratislava"]
[Date "2019.08.07"]
[Round "6.1"]
[White "Kostolansky, Sebastian Lukas"]
[Black "Tsvetkov, Andrey"]
[Result "1/2-1/2"]
[ECO "B51"]
[WhiteElo "2406"]
[BlackElo "2324"]
[Annotator "NA"]
[PlyCount "42"]
[EventDate "2019.08.02"]
[EventType "swiss"]
[EventCountry "SVK"]
[SourceTitle "playchess.com"]
[Source "ChessBase"]
[SourceQuality "1"]
[TimeControl "40/5400+30:1800+30"]

1. e4 c5 2. Nf3 d6 3. Bb5+ Nd7 4. c3 Ngf6 5. Qe2 a6 6. Ba4 b5 7. Bc2 Bb7 8. O-O e6 9. d4 Be7 10. Bg5 O-O 11. Nbd2 cxd4 12. cxd4 Rc8 13. Bd3 Nb6 14. Rfe1 Re8 15. Rad1 Qc7 16. e5 dxe5 17. dxe5 Nfd7 18. Bxe7 Rxe7 19. Qe3 h6 20. Ne4 Bxe4 21. Qxe4 Nf8 1/2-1/2

[Event "EYCC Open-U14 2019"]
[Site "Bratislava"]
[Date "2019.08.07"]
[Round "6.2"]
[White "Stukan, Martin"]
[Black "Popov, Konstantin"]
[Result "0-1"]
[ECO "B19"]
[WhiteElo "2303"]
[BlackElo "2367"]
[Annotator "NA"]
[PlyCount "90"]
[EventDate "2019.08.02"]
[EventType "swiss"]
[EventCountry "SVK"]
[SourceTitle "playchess.com"]
[Source "ChessBase"]
[SourceQuality "1"]
[TimeControl "40/5400+30:1800+30"]

1. e4 c6 2. d4 d5 3. Nc3 dxe4 4. Nxe4 Bf5 5. Ng3 Bg6 6. h4 h6 7. Nf3 Nd7 8. h5 Bh7 9. Bd3 Bxd3 10. Qxd3 e6 11. Bf4 Qa5+ 12. Bd2 Bb4 13. c3 Be7 14. c4 Qc7 15. d5 cxd5 16. cxd5 Qd6 17. Qb5 Ngf6 18. dxe6 Qxe6+ 19. Kf1 a6 20. Qxb7 O-O 21. Qb3 Qxb3 22. axb3 Rfb8 23. Nd4 Bc5 24. Ngf5 Ne4 25. Bc3 Bxd4 26. Nxd4 Ndc5 27. b4 Nd3 28. Rh4 Re8 29. f3 Nxc3 30. bxc3 a5 31. b5 a4 32. Nc2 Rac8 33. c4 Nb2 34. Na3 Re3 35. Ra2 Rb3 36. Re4 Kh7 37. Ke2 Nd3 38. Ra1 Nc5 39. Re7 Rd8 40. Rc7 Rb2+ 41. Kf1 Nb3 42. Re1 Rdd2 43. Nb1 Rf2+ 44. Kg1 Rxg2+ 45. Kh1 a3 0-1

[Event "EYCC Open-U14 2019"]
[Site "Bratislava"]
[Date "2019.08.07"]
[Round "6.3"]
[White "Borhy, Marcell"]
[Black "Weihrauch, Jakob"]
[Result "1/2-1/2"]
[ECO "D76"]
[WhiteElo "2382"]
[BlackElo "2201"]
[Annotator "NA"]
[PlyCount "71"]
[EventDate "2019.08.02"]
[EventType "swiss"]
[EventCountry "SVK"]
[SourceTitle "playchess.com"]
[Source "ChessBase"]
[SourceQuality "1"]
[TimeControl "40/5400+30:1800+30"]

1. g3 Nf6 2. Bg2 g6 3. Nf3 Bg7 4. c4 O-O 5. O-O d5 6. cxd5 Nxd5 7. d4 Nb6 8. Nc3 Nc6 9. d5 Na5 10. Qc2 c6 11. dxc6 Nxc6 12. Rd1 Qc7 13. Nb5 Qb8 14. Bf4 e5 15. Be3 Bf5 16. Qc1 Rc8 17. Bxb6 axb6 18. Qe3 Nb4 19. Ne1 Nc2 20. Nxc2 Rxc2 21. Qb3 Rxe2 22. Nc3 Bc2 23. Qxb6 Bxd1 24. Rxd1 Rc2 25. Qb3 Rxc3 26. bxc3 Qc7 27. Bxb7 Rb8 28. Rb1 e4 29. c4 Bd4 30. Qb5 Qe7 31. Qd5 Qf6 32. Qxe4 Qxf2+ 33. Kh1 Qxa2 34. Rd1 Qb3 35. Rxd4 Qxb7 36. Qxb7 1/2-1/2

[Event "EYCC Open-U14 2019"]
[Site "Bratislava"]
[Date "2019.08.07"]
[Round "6.4"]
[White "Krastev, Alexander"]
[Black "Rozen, Eytan"]
[Result "1/2-1/2"]
[ECO "B11"]
[WhiteElo "2325"]
[BlackElo "2260"]
[Annotator "NA"]
[PlyCount "99"]
[EventDate "2019.08.02"]
[EventType "swiss"]
[EventCountry "SVK"]
[SourceTitle "playchess.com"]
[Source "ChessBase"]
[SourceQuality "1"]
[TimeControl "40/5400+30:1800+30"]

1. e4 c6 2. Nc3 d5 3. Nf3 Bg4 4. h3 Bxf3 5. Qxf3 Nf6 6. e5 Nfd7 7. d4 e6 8. Be3 c5 9. Qg3 cxd4 10. Bxd4 Nc6 11. O-O-O Nxd4 12. Rxd4 Qb6 13. Rd1 O-O-O 14. Bd3 Bb4 15. Ne2 g6 16. f4 h5 17. c3 Be7 18. h4 Nb8 19. Nd4 Nc6 20. Nc2 Kb8 21. Kb1 Na5 22. Qe1 Rc8 23. g3 Nc4 24. Bxc4 Rxc4 25. Rd4 Rhc8 26. Rxc4 Rc7 27. Rc5 Rxc5 28. Qd1 Rc4 29. Qd2 Qc7 30. Nd4 Qb6 31. Rd1 a6 32. Ka1 Rc7 33. Qe2 Bc5 34. Nb3 Ka7 35. Qd3 a5 36. Nxc5 Qxc5 37. Qd4 b6 38. Kb1 Qb5 39. Qd3 Qxd3+ 40. Rxd3 Rc4 41. Rd4 Rxd4 42. cxd4 Ka6 43. a4 b5 44. b3 bxa4 45. bxa4 Kb7 46. Kc2 Kc7 47. Kd3 Kd7 48. Ke3 Ke7 49. Kf3 f5 50. Ke3 1/2-1/2

[Event "EYCC Open-U14 2019"]
[Site "Bratislava"]
[Date "2019.08.07"]
[Round "6.5"]
[White "Bochnicka, Vladimir"]
[Black "Makoveev, Ilya"]
[Result "0-1"]
[ECO "B90"]
[WhiteElo "2169"]
[BlackElo "2288"]
[Annotator "NA"]
[PlyCount "112"]
[EventDate "2019.08.02"]
[EventType "swiss"]
[EventCountry "SVK"]
[SourceTitle "playchess.com"]
[Source "ChessBase"]
[SourceQuality "1"]
[TimeControl "40/5400+30:1800+30"]

1. e4 c5 2. Nf3 d6 3. d4 cxd4 4. Nxd4 Nf6 5. Nc3 a6 6. f3 e5 7. Nb3 Be7 8. Be3 Be6 9. Qd2 O-O 10. O-O-O Nbd7 11. g4 b5 12. g5 b4 13. gxf6 bxc3 14. Qxc3 Nxf6 15. Na5 Rc8 16. Nc6 Qd7 17. Nxe7+ Qxe7 18. Qa5 Rc6 19. Rg1 Rfc8 20. Rg2 Nh5 21. Kb1 Qf6 22. Rf2 h6 23. Bd3 Nf4 24. Qd2 Nxd3 25. Qxd3 d5 26. c3 Rc4 27. Qd2 dxe4 28. f4 exf4 29. Rxf4 Qe7 30. Bd4 Ra4 31. b3 Ra5 32. h4 Rb8 33. c4 Rf5 34. Rxf5 Bxf5 35. Qf4 e3+ 36. Qxf5 e2 37. Re1 Rd8 38. Qg4 f5 39. Qf4 g5 40. hxg5 hxg5 41. Rxe2 Rxd4 42. Qb8+ Rd8 43. Rxe7 Rxb8 44. Kc2 g4 45. Re5 Rf8 46. Kd3 Kg7 47. Ke3 f4+ 48. Kf2 Kg6 49. b4 f3 50. Re1 Kf5 51. Kg3 Rh8 52. Rd1 Rh3+ 53. Kf2 Ke4 54. b5 g3+ 55. Kg1 Rh2 56. bxa6 f2+ 0-1

[Event "EYCC Open-U14 2019"]
[Site "Bratislava"]
[Date "2019.08.07"]
[Round "6.6"]
[White "Mitusov, Semen"]
[Black "Vojta, Jakub"]
[Result "1-0"]
[ECO "B23"]
[WhiteElo "2199"]
[BlackElo "2238"]
[Annotator "NA"]
[PlyCount "73"]
[EventDate "2019.08.02"]
[EventType "swiss"]
[EventCountry "SVK"]
[SourceTitle "playchess.com"]
[Source "ChessBase"]
[SourceQuality "1"]
[TimeControl "40/5400+30:1800+30"]

1. e4 c5 2. Nc3 a6 3. g3 b5 4. Bg2 Bb7 5. d3 e6 6. Nf3 d5 7. exd5 exd5 8. O-O Bd6 9. d4 c4 10. Re1+ Ne7 11. Ng5 O-O 12. Qh5 h6 13. Nf3 b4 14. Nd1 Bc8 15. Ne3 Be6 16. Nh4 Nd7 17. Ng4 Bxg4 18. Qxg4 Nf6 19. Qf3 Ng6 20. Nf5 Ne4 21. h4 Ne7 22. Qg4 Nxf5 23. Qxf5 Nxg3 24. Qxd5 Qf6 25. fxg3 Bxg3 26. Re4 Qf2+ 27. Kh1 Rae8 28. Bxh6 Rxe4 29. Qxe4 gxh6 30. Rf1 Qd2 31. Qg4+ Kh8 32. Qxg3 Qxc2 33. Rf6 Qc1+ 34. Kh2 c3 35. bxc3 bxc3 36. Qe5 Kg8 37. Rf3 1-0

[Event "EYCC Open-U14 2019"]
[Site "Bratislava"]
[Date "2019.08.07"]
[Round "6.7"]
[White "Dzida, Kamil"]
[Black "Antonica, Dragos-Andrei"]
[Result "0-1"]
[ECO "C16"]
[WhiteElo "1987"]
[BlackElo "2124"]
[Annotator "NA"]
[PlyCount "108"]
[EventDate "2019.08.02"]
[EventType "swiss"]
[EventCountry "SVK"]
[SourceTitle "playchess.com"]
[Source "ChessBase"]
[SourceQuality "1"]
[TimeControl "40/5400+30:1800+30"]

1. e4 e6 2. d4 d5 3. Nc3 Bb4 4. e5 b6 5. a3 Bf8 6. f4 Ne7 7. Nf3 Qd7 8. a4 Nbc6 9. Be3 Nf5 10. Bf2 h5 11. Bb5 a6 12. Be2 Bb7 13. Nh4 Ncxd4 14. Nxf5 Nxf5 15. Bxh5 Bc5 16. Bg4 Bxf2+ 17. Kxf2 O-O-O 18. Qd3 Rh4 19. h3 d4 20. Ne2 Ne3 21. Bf3 Bxf3 22. gxf3 Kb7 23. Qxd4 Qxd4 24. Nxd4 Rxd4 25. Kxe3 Rdxf4 26. Rhg1 Rf5 27. Rxg7 Rxh3 28. Rf1 Rxe5+ 29. Kd3 Rf5 30. Ke3 Rh2 31. Rc1 Kc6 32. Rg4 Rc5 33. Kd3 Rf2 34. Rf4 f5 35. b4 Rd5+ 36. Kc3 Kd6 37. Kb2 c5 38. bxc5+ bxc5 39. Re1 Rd4 40. Rxd4+ cxd4 41. Rd1 Kd5 42. Rd3 Kc4 43. Rb3 e5 44. Rb6 d3 45. Rc6+ Kd5 46. Rxa6 d2 47. Ra8 Kc4 48. Rd8 e4 49. fxe4 fxe4 50. a5 e3 51. a6 Rf6 52. Rc8+ Kb5 53. a7 Ra6 54. c4+ Kb4 0-1

[Event "EYCC Open-U14 2019"]
[Site "Bratislava"]
[Date "2019.08.07"]
[Round "6.8"]
[White "Razafindratsima, Timothe"]
[Black "Chyzy, Jakub"]
[Result "0-1"]
[ECO "C70"]
[WhiteElo "2178"]
[BlackElo "2093"]
[Annotator "NA"]
[PlyCount "152"]
[EventDate "2019.08.02"]
[EventType "swiss"]
[EventCountry "SVK"]
[SourceTitle "playchess.com"]
[Source "ChessBase"]
[SourceQuality "1"]
[TimeControl "40/5400+30:1800+30"]

1. e4 e5 2. Nf3 Nc6 3. Bb5 a6 4. Ba4 Nge7 5. O-O g6 6. c3 Bg7 7. d4 exd4 8. cxd4 b5 9. Bc2 O-O 10. d5 Na5 11. Bd2 Nc4 12. Bc3 Nxb2 13. Qc1 Nc4 14. Bxg7 Kxg7 15. Bb3 Nb6 16. Nbd2 d6 17. Qc3+ Kg8 18. Rac1 Ra7 19. Nd4 Nd7 20. a4 bxa4 21. Bxa4 Nc5 22. Bc6 Bd7 23. Qe3 Bxc6 24. dxc6 Qe8 25. Qh6 f6 26. Rc3 Qf7 27. Ra1 Raa8 28. N2b3 Nxb3 29. Rxb3 Rab8 30. Rc3 Rb4 31. Qe3 Rfb8 32. h4 f5 33. Rd1 f4 34. Qh3 Qf6 35. Qe6+ Kg7 36. h5 g5 37. Qd7 Rxd4 38. Rxd4 Qxd4 39. Qxe7+ Kh8 40. Rc1 Qg7 41. Qe6 g4 42. h6 Qg5 43. Qd5 Qxh6 44. Qd4+ Qg7 45. Qa7 Qb2 46. Rd1 Qb6 47. Qxb6 Rxb6 48. e5 Rxc6 49. e6 Kg7 50. Rd4 g3 51. fxg3 fxg3 52. Rg4+ Kf6 53. Rxg3 Kxe6 54. Rh3 a5 55. Rxh7 a4 56. Rh4 Ra6 57. Re4+ Kf5 58. Re2 a3 59. Ra2 Ke4 60. Kf2 c5 61. Ke2 d5 62. Kd2 d4 63. g4 c4 64. g5 Kf5 65. Kc1 Kxg5 66. Kb1 Kf4 67. Ka1 Ke3 68. Rh2 d3 69. Rh3+ Kd2 70. Rh2+ Kc1 71. Rh1+ Kc2 72. Ka2 d2 73. Rh3 d1=Q 74. Rc3+ Kd2 75. Rd3+ Ke1 76. Rd2 Qxd2+ 0-1

[Event "EYCC Open-U14 2019"]
[Site "Bratislava"]
[Date "2019.08.07"]
[Round "6.9"]
[White "Biletskiy, Danylo"]
[Black "Tsaruk, Maksim"]
[Result "1-0"]
[ECO "A05"]
[WhiteElo "2105"]
[BlackElo "2230"]
[Annotator "NA"]
[PlyCount "115"]
[EventDate "2019.08.02"]
[EventType "swiss"]
[EventCountry "SVK"]
[SourceTitle "playchess.com"]
[Source "ChessBase"]
[SourceQuality "1"]
[TimeControl "40/5400+30:1800+30"]

1. Nf3 Nf6 2. c4 b6 3. g3 Bb7 4. Bg2 g6 5. O-O Bg7 6. d4 O-O 7. d5 e6 8. Nc3 exd5 9. cxd5 d6 10. e4 Re8 11. Nd4 Qd7 12. f4 c5 13. dxc6 Nxc6 14. Nc2 Rad8 15. f5 Ne5 16. fxg6 fxg6 17. Bg5 Rf8 18. Nd5 Nxd5 19. Bxd8 Rxd8 20. exd5 Qb5 21. Nd4 Qxb2 22. Ne6 Re8 23. Qb3 Qd2 24. Rad1 Qe2 25. Nxg7 Kxg7 26. Qa4 Re7 27. Rde1 Qb2 28. Qh4 Re8 29. Qf6+ Kg8 30. Rxe5 Qxe5 31. Qf7+ Kh8 32. Qxb7 h5 33. Qf7 Qd4+ 34. Kh1 Rg8 35. Qxa7 h4 36. Qe7 hxg3 37. Qf6+ Qxf6 38. Rxf6 gxh2 39. Rxd6 Ra8 40. Rxg6 b5 41. Rb6 Rxa2 42. Rxb5 Kg7 43. Rb6 Kf7 44. Kxh2 Ke7 45. Kg3 Ra3+ 46. Kf4 Kd7 47. Ke5 Re3+ 48. Be4 Kc7 49. Rc6+ Kd7 50. Rh6 Re1 51. Rh7+ Kc8 52. d6 Kd8 53. Kd5 Re2 54. Bf5 Rd2+ 55. Ke6 Re2+ 56. Kf6 Re8 57. Rd7+ Kc8 58. Re7+ 1-0

[Event "EYCC Open-U14 2019"]
[Site "Bratislava"]
[Date "2019.08.07"]
[Round "6.10"]
[White "Sahakyan, Aleks"]
[Black "Can, Isik"]
[Result "0-1"]
[ECO "B12"]
[WhiteElo "1856"]
[BlackElo "2374"]
[Annotator "NA"]
[PlyCount "52"]
[EventDate "2019.08.02"]
[EventType "swiss"]
[EventCountry "SVK"]
[SourceTitle "playchess.com"]
[Source "ChessBase"]
[SourceQuality "1"]
[TimeControl "40/5400+30:1800+30"]

1. e4 c6 2. d4 d5 3. e5 Bf5 4. Ne2 e6 5. Ng3 Bg6 6. h4 h5 7. Be2 c5 8. dxc5 Nc6 9. Nd2 Nxe5 10. Nb3 Nf6 11. Bg5 Bxc5 12. f4 Ned7 13. f5 exf5 14. Nxc5 Qa5+ 15. Qd2 Qxc5 16. Be3 Qd6 17. Bf4 Qb6 18. O-O-O O-O 19. Bg5 Rac8 20. Bd3 Ne4 21. Bxe4 fxe4 22. Qxd5 Qf2 23. Rd2 Qxg3 24. Qxd7 e3 25. Re2 Bxc2 26. Rxe3 Bf5+ 0-1

[Event "EYCC Open-U14 2019"]
[Site "Bratislava"]
[Date "2019.08.07"]
[Round "6.11"]
[White "Oglaza, Oskar"]
[Black "Kusa, Jakub"]
[Result "1-0"]
[ECO "B17"]
[WhiteElo "2345"]
[BlackElo "2199"]
[Annotator "NA"]
[PlyCount "83"]
[EventDate "2019.08.02"]
[EventType "swiss"]
[EventCountry "SVK"]
[SourceTitle "playchess.com"]
[Source "ChessBase"]
[SourceQuality "1"]
[TimeControl "40/5400+30:1800+30"]

1. e4 c6 2. d4 d5 3. Nc3 dxe4 4. Nxe4 Nd7 5. Nf3 Ngf6 6. Ned2 e6 7. g3 b6 8. Bg2 Bb7 9. O-O Be7 10. Re1 O-O 11. Ne5 Qc7 12. Ndc4 b5 13. Nxd7 Qxd7 14. Ne5 Qc7 15. Bf4 Bd6 16. c3 a5 17. Qe2 Nd7 18. Nxd7 Qxd7 19. Bxd6 Qxd6 20. Qe5 Rfd8 21. a4 b4 22. f4 Bc8 23. Qxd6 Rxd6 24. Re5 Kf8 25. Rc5 Bd7 26. Kf2 Ke7 27. Ke3 Be8 28. cxb4 axb4 29. Rc4 Ra5 30. b3 f6 31. Rac1 e5 32. dxe5 fxe5 33. Rxb4 exf4+ 34. gxf4 c5 35. Rb7+ Kf6 36. Be4 h6 37. Rc7 Bf7 38. R1xc5 Rxc5 39. Rxc5 Bxb3 40. a5 Ba4 41. Bb7 Rd7 42. a6 1-0

[Event "EYCC Open-U14 2019"]
[Site "Bratislava"]
[Date "2019.08.07"]
[Round "6.12"]
[White "Guz, Ari"]
[Black "Morgunov, Marc"]
[Result "1/2-1/2"]
[ECO "E63"]
[WhiteElo "2165"]
[BlackElo "2314"]
[Annotator "NA"]
[PlyCount "53"]
[EventDate "2019.08.02"]
[EventType "swiss"]
[EventCountry "SVK"]
[SourceTitle "playchess.com"]
[Source "ChessBase"]
[SourceQuality "1"]
[TimeControl "40/5400+30:1800+30"]

1. c4 Nf6 2. Nc3 g6 3. g3 Bg7 4. Bg2 d6 5. d4 O-O 6. Nf3 Nc6 7. O-O a6 8. b3 Rb8 9. d5 Na5 10. Bd2 c5 11. dxc6 Nxc6 12. Rc1 Bd7 13. Nd5 b5 14. Bc3 Ne8 15. Qd2 e5 16. cxb5 Rxb5 17. Ne3 Qb8 18. Bb2 Nf6 19. Ng5 Nd4 20. Bxd4 exd4 21. Nc2 Qb6 22. h4 Ng4 23. Rcd1 Ra5 24. Nxd4 Bxd4 25. Qxd4 Qxd4 26. Rxd4 Rxa2 27. Rxd6 1/2-1/2

[Event "EYCC Open-U14 2019"]
[Site "Bratislava"]
[Date "2019.08.07"]
[Round "6.13"]
[White "Pozzari, Simone"]
[Black "Kirillov, Dmitry"]
[Result "0-1"]
[ECO "D00"]
[WhiteElo "2179"]
[BlackElo "2244"]
[Annotator "NA"]
[PlyCount "74"]
[EventDate "2019.08.02"]
[EventType "swiss"]
[EventCountry "SVK"]
[SourceTitle "playchess.com"]
[Source "ChessBase"]
[SourceQuality "1"]
[TimeControl "40/5400+30:1800+30"]

1. d4 d5 2. Bf4 Nf6 3. e3 e6 4. Nd2 c5 5. c3 Nc6 6. Ngf3 Bd6 7. Bg3 O-O 8. Bb5 Ne7 9. Bd3 b6 10. e4 dxe4 11. Nxe4 Nxe4 12. Bxe4 Rb8 13. dxc5 Bxg3 14. Qxd8 Rxd8 15. hxg3 bxc5 16. Bxh7+ Kf8 17. Bc2 g6 18. b3 Bb7 19. Ng5 Kg8 20. Be4 c4 21. bxc4 Ba6 22. O-O Bxc4 23. Rfd1 f6 24. Rxd8+ Rxd8 25. Nf3 f5 26. Bc2 Nd5 27. Ne5 Ba6 28. c4 Nc3 29. Bb3 Kg7 30. Nc6 Rd2 31. Nxa7 Ne4 32. Rc1 Rxf2 33. c5 Rd2 34. c6 Nxg3 35. Bc4 Bxc4 36. Rxc4 f4 37. c7 Rd1+ 0-1

[Event "EYCC Open-U14 2019"]
[Site "Bratislava"]
[Date "2019.08.07"]
[Round "6.14"]
[White "Laptii, Nazar"]
[Black "Tadic, Stefan"]
[Result "0-1"]
[ECO "B30"]
[WhiteElo "2133"]
[BlackElo "2262"]
[Annotator "NA"]
[PlyCount "118"]
[EventDate "2019.08.02"]
[EventType "swiss"]
[EventCountry "SVK"]
[SourceTitle "playchess.com"]
[Source "ChessBase"]
[SourceQuality "1"]
[TimeControl "40/5400+30:1800+30"]

1. e4 c5 2. Nf3 Nc6 3. d3 g6 4. g3 Bg7 5. Bg2 e6 6. O-O d5 7. Nbd2 Nf6 8. c3 O-O 9. Re1 a5 10. a4 b6 11. exd5 exd5 12. Nb1 Bf5 13. Na3 Qd7 14. Nb5 Rfe8 15. Rxe8+ Rxe8 16. Bf4 Bh3 17. Qd2 Bxg2 18. Kxg2 d4 19. cxd4 Nxd4 20. Nbxd4 cxd4 21. Be5 Nd5 22. Bxg7 Kxg7 23. Rc1 Qxa4 24. Rc4 Qb5 25. Rxd4 Nb4 26. Qc3 Kg8 27. Qd2 Qc6 28. Qh6 Nc2 29. Rh4 Ne1+ 30. Kf1 Nxf3 31. Qxh7+ Kf8 32. Qh6+ Ke7 33. Re4+ Kd8 34. Rxe8+ Qxe8 35. Qf4 Ne5 36. d4 Nd7 37. d5 Qe7 38. h4 Qf6 39. Qc1 Nc5 40. Qc2 Qf3 41. Kg1 Qxd5 42. Qc3 Nd7 43. Qc1 b5 44. Qc3 b4 45. Qe1 Qd4 46. Qa1 Qe5 47. Qa4 Kc7 48. Qa2 f5 49. Qc4+ Kb6 50. b3 Qe1+ 51. Kh2 Qxf2+ 52. Kh3 Nc5 53. Qd5 Qf1+ 54. Kh2 Qe2+ 55. Kh3 Qf1+ 56. Kh2 Qd3 57. Qa8 Qd6 58. Qg8 Ne4 59. Kh1 Qd1+ 0-1

[Event "EYCC Open-U14 2019"]
[Site "Bratislava"]
[Date "2019.08.07"]
[Round "6.15"]
[White "Jun, Rudolf Jr."]
[Black "Gnojek, Petr"]
[Result "0-1"]
[ECO "B40"]
[WhiteElo "2200"]
[BlackElo "2246"]
[Annotator "NA"]
[PlyCount "80"]
[EventDate "2019.08.02"]
[EventType "swiss"]
[EventCountry "SVK"]
[SourceTitle "playchess.com"]
[Source "ChessBase"]
[SourceQuality "1"]
[TimeControl "40/5400+30:1800+30"]

1. e4 c5 2. Nf3 e6 3. c4 Nc6 4. Nc3 Nge7 5. Be2 Nd4 6. O-O Nec6 7. d3 g6 8. Rb1 Bg7 9. Nb5 Nxb5 10. cxb5 Nd4 11. b4 d6 12. bxc5 dxc5 13. Nxd4 Bxd4 14. Bh6 g5 15. h4 gxh4 16. Qd2 Rg8 17. Be3 e5 18. Bxd4 Qxd4 19. Kh2 Bg4 20. Bxg4 Rxg4 21. Qe2 h5 22. b6 a6 23. Qf3 Ke7 24. Qf5 Rag8 25. g3 R4g5 26. Qf3 R8g6 27. Rbd1 Rf6 28. Qe2 Rxf2+ 29. Qxf2 Qxf2+ 30. Rxf2 hxg3+ 31. Kg2 gxf2+ 32. Kxf2 Rg6 33. Rb1 h4 34. Rc1 Rxb6 35. Rxc5 Rb2+ 36. Kf3 Kd6 37. Rd5+ Ke6 38. Kg4 Rxa2 39. Kxh4 b5 40. Kg3 b4 0-1

[Event "EYCC Open-U14 2019"]
[Site "Bratislava"]
[Date "2019.08.07"]
[Round "6.16"]
[White "Fule, Simon"]
[Black "Trofimov, Pavel"]
[Result "0-1"]
[ECO "B90"]
[WhiteElo "2184"]
[BlackElo "2151"]
[Annotator "NA"]
[PlyCount "52"]
[EventDate "2019.08.02"]
[EventType "swiss"]
[EventCountry "SVK"]
[SourceTitle "playchess.com"]
[Source "ChessBase"]
[SourceQuality "1"]
[TimeControl "40/5400+30:1800+30"]

1. e4 c5 2. Nf3 d6 3. d4 cxd4 4. Nxd4 Nf6 5. Nc3 a6 6. f3 e5 7. Nb3 Be7 8. Be3 Be6 9. Qd2 O-O 10. O-O-O Nbd7 11. g4 b5 12. Rg1 Nb6 13. Na5 Qc7 14. Qf2 Nfd7 15. Nb3 b4 16. Nd5 Bxd5 17. exd5 a5 18. Qd2 Nf6 19. Bxb6 Qxb6 20. Bh3 a4 21. Na1 Ra5 22. g5 Nxd5 23. Rg4 a3 24. Nb3 axb2+ 25. Kxb2 Rxa2+ 26. Kxa2 Qa7+ 0-1

[Event "EYCC Open-U14 2019"]
[Site "Bratislava"]
[Date "2019.08.07"]
[Round "6.17"]
[White "Shoshin, Kirill"]
[Black "Pasztor, Balazs"]
[Result "1/2-1/2"]
[ECO "E43"]
[WhiteElo "2089"]
[BlackElo "2140"]
[Annotator "NA"]
[PlyCount "104"]
[EventDate "2019.08.02"]
[EventType "swiss"]
[EventCountry "SVK"]
[SourceTitle "playchess.com"]
[Source "ChessBase"]
[SourceQuality "1"]
[TimeControl "40/5400+30:1800+30"]

1. d4 Nf6 2. c4 e6 3. Nc3 Bb4 4. e3 b6 5. Bd3 Bb7 6. Nge2 Bxg2 7. Rg1 Bf3 8. Qc2 Nc6 9. a3 Bd6 10. Ng3 Ng4 11. h3 Nh2 12. Nb5 Qh4 13. Ne4 Bxe4 14. Bxe4 Qxh3 15. Qe2 O-O 16. Nxd6 cxd6 17. Rg3 Qh4 18. Bg2 Rac8 19. Rh3 Qg5 20. Rxh2 Na5 21. Qd3 Qg6 22. Qxg6 hxg6 23. Bd2 Nxc4 24. b3 Na5 25. Bxa5 bxa5 26. Kd2 Rb8 27. Rah1 f6 28. Rh8+ Kf7 29. Rxf8+ Rxf8 30. Rc1 Rb8 31. Rc7 Rxb3 32. a4 Rb2+ 33. Ke1 Rb1+ 34. Ke2 Rb2+ 35. Kf3 Rb4 36. Rxd7+ Kf8 37. Rxd6 Ke7 38. Ra6 Rxa4 39. Rxa7+ Kd6 40. Rxg7 g5 41. Kg3 Ra1 42. Ra7 a4 43. Ra6+ Ke7 44. Bb7 a3 45. Bc8 a2 46. Kf3 Rc1 47. Ra7+ Kd6 48. Ra6+ Ke7 49. Rxa2 Rxc8 50. Ra7+ Kd6 51. Rf7 f5 52. Ra7 Rc2 1/2-1/2